 Dungeon Crawl Stone Soup version 0.26-a0-1107-g6118521029 (webtiles) character file.

Game seed: 8060215689370671796

216 Dracia the Slasher (level 5, -3/41 HPs)
             Began as a Demonspawn Monk on Dec 16, 2020.
             Slain by Grinder (9 damage)
             ... on level 3 of the Dungeon.
             The game lasted 00:04:25 (3840 turns).

Dracia the Slasher (Demonspawn Monk)                Turns: 3840, Time: 00:04:26

Health: -3/41      AC:  8    Str: 10 (12) XL:     5   Next: 61%
Magic:  5/5        EV: 12    Int: 11 (12) God:
Gold:   114        SH:  0    Dex: 12 (15) Spells: 4/4 levels left

rFire    . . .     SeeInvis .   a - +0 falchion
rCold    + . .     Faith    .   (no shield)
rNeg     . . .     Spirit   .   n - +1 leather armour {Will+}
rPois    .         Reflect  .   (no helmet)
rElec    .         Harm     .   (no cloak)
rCorr    .         Rampage  .   (no gloves)
Will     +....                  i - +0 pair of boots
Stlth    ++........             (no amulet)
HPRegen  0.13/turn              C - ring of protection from cold
MPRegen  0.09/turn              (no ring)

@: no status effects
A: hooves 1, yellow scales 2
a: no special abilities


You were on level 3 of the Dungeon.
You visited 1 branch of the dungeon, and saw 3 of its levels.

You collected 114 gold pieces.


Innate Abilities, Weirdness & Mutations

You have large cloven feet.
You are mostly covered in yellow scales. (AC +3)


   Skills:
 - Level 3.0 Fighting
 + Level 5.8 Long Blades
 - Level 2.6 Dodging
 - Level 1.7 Stealth


You had 4 spell levels left.
You didn't know any spells.
Your spell library was empty.

Inventory:

Hand Weapons
 a - a +0 falchion (weapon)
Missiles
 c - 32 poisoned darts (quivered)
Armour
 b - a +0 robe
 i - a +0 pair of boots (worn)
 n - a +1 leather armour of willpower (worn)
Jewellery
 C - a ring of protection from cold (left hand)
Scrolls
 d - 5 scrolls of identify {unknown}
 e - 2 scrolls of amnesia {unknown}
 f - a scroll of magic mapping {unknown}
 j - a scroll of teleportation {unknown}
 m - 2 scrolls of enchant armour {unknown}
Potions
 g - a potion of magic
 h - a potion of attraction {unknown}
 k - a potion of degeneration
 l - a potion of ambrosia {unknown}

Dungeon Overview and Level Annotations

Branches:
Dungeon (3/15)

Altars:

Annotations:
D:3 Grinder

#### #.# #.#
#.# #.# #.#
#.# #.# #5#
##@##
######...#
#.....!..#
....####...#
#### # #####
...# ##.#
#.#
##.######..


You could see Grinder.


Message History

Unknown command.
You hit Grinder.
Grinder is heavily wounded.
Grinder barely misses you.
You riposte.
You hit Grinder but do no damage.
Grinder is heavily wounded.
You barely miss Grinder.
Grinder is heavily wounded.
Grinder blinks!
Unknown command.
You start resting.
Grinder is nearby!
Grinder gestures at you. You resist with some effort. Grinder hits you.
* * * LOW HITPOINT WARNING * * *
You writhe in agony.
* * * LOW HITPOINT WARNING * * *
You hit Grinder but do no damage.
Grinder is heavily wounded.
Grinder says, "Don't move a muscle."
Grinder hits you but does no damage.
Unknown command.
It was a potion of magic.
Magic courses through your body. Grinder misses you.
You riposte.
You hit Grinder.
Grinder is heavily wounded.
It was a potion of degeneration.
There was something very wrong with that liquid.
You feel weakened.
You feel dopey.
You feel clumsy. Grinder hits you!
You die...

Skill      XL: |  1  2  3  4 |
---------------+-------------+-----
Long Blades    | 3 4 5 |  5.8
Fighting       | |  3.0
Dodging        | |  2.6
Stealth        | |  1.7

Action                   |  1- 3 |  4- 6 || total
-------------------------+-------+-------++-------
Melee: Falchion          |   109 |   135 ||   244
       Kick              |    33 |       ||    33
  Use: Potion            |       |     3 ||     3
 Stab: Sleeping          |     5 |     1 ||     6
Armor: Robe              |    19 |    11 ||    30
       Leather armour    |       |    21 ||    21
Dodge: Dodged            |    86 |    75 ||   161
       Rpst.: Falchion   |    27 |    22 ||    49

Levels and vault maps discovered:
D:1:      dpeg_arrival_water_temple_mockup, layout_basic,
          hangedman_abyss_or_decor_stabs, minmay_domino_2
D:2:      layout_loops_corners
D:3:      layout_loops_ring, kennysheep_minor_cross, uniq_grinder

Notes
Turn   | Place    | Note
-------+----------+-------------------------------------------
     0 | D:1      | Dracia the Demonspawn Monk began the quest for the Orb.
     0 | D:1      | Reached XP level 1. HP: 18/18 MP: 1/1
   123 | D:1      | Reached skill level 3 in Long Blades
   182 | D:1      | Gained mutation: You have large cloven feet. [demonic
                  | ancestry]
   182 | D:1      | Reached XP level 2. HP: 24/24 MP: 2/2
   783 | D:1      | Gained mutation: You are partially covered in yellow
                  | scales. (AC +2) [demonic ancestry]
   783 | D:1      | Reached XP level 3. HP: 29/29 MP: 3/3
  1135 | D:2      | Reached skill level 4 in Long Blades
  1818 | D:2      | Reached XP level 4. HP: 35/35 MP: 4/4
  3321 | D:3      | Reached skill level 5 in Long Blades
  3490 | D:3      | Noticed an ice beast
  3505 | D:3      | Killed an ice beast
  3506 | D:3      | Gained mutation: You are mostly covered in yellow scales.
                  | (AC +3) [demonic ancestry]
  3506 | D:3      | Reached XP level 5. HP: 41/41 MP: 5/5
  3811 | D:3      | Noticed Grinder
  3811 | D:3      | Paralysed by Grinder for 5 turns
  3840 | D:3      | Slain by Grinder

Vanquished Creatures
  An ice beast (D:3)
  2 adders (D:2)
  2 oozes (D:3)
  2 worms (D:2)
  3 dart slugs
  5 leopard geckos
  4 orcs (D:3)
  3 giant cockroaches
  6 goblins
  9 hobgoblins
  7 jackals
  10 bats
  A frilled lizard (D:2)
  13 kobolds
  4 rats
72 creatures vanquished.

Table legend: (Time is in decaauts)
 A = Elapsed time spent in this place.
 B = Non-inter-level travel time spent in this place.
 C = Inter-level travel time spent in this place.
 D = Time resting spent in this place.
 E = Time spent auto-exploring this place.
 F = Levels seen in this place.
 G = Mean time per level.
                   A        B        C        D        E       F      G
               +--------+--------+--------+--------+--------+-----+--------+
         Total |   3864 |   3786 |     78 |    867 |   2371 |   3 | 1288.0 |
       Dungeon |   3864 |   3786 |     78 |    867 |   2371 |   3 | 1288.0 |
               +--------+--------+--------+--------+--------+-----+--------+

Top non-repeatable levels by time:
     D:2: 1749 daAuts
     D:1: 1113 daAuts
     D:3: 1001 daAuts

Table legend:
 A = Non-vault XP
 B = Vault XP
 C = Vault XP percentage of total XP
 D = Non-vault monster count
 E = Vault monster count
 F = Vault count percentage of total count
                 A         B        C        D         E       F
            +---------+---------+-------+---------+---------+-------
      Total |     307 |       2 |   0.6 |      70 |       2 |   2.8
            +---------+---------+-------+---------+---------+-------
        D:1 |      49 |       2 |   3.9 |      26 |       2 |   7.1
        D:2 |      77 |       0 |   0.0 |      23 |       0 |   0.0
        D:3 |     181 |       0 |   0.0 |      21 |       0 |   0.0
            +---------+---------+-------+---------+---------+-------
